 Dungeon Crawl Stone Soup version 0.26-a0-757-g626ac9e51a (webtiles) character file.

Game seed: 2847945950469661339

3521 jasper the Covert (level 10, -5/50 HPs)
             Began as a Kobold Enchanter on Nov 7, 2020.
             Was an Elder of Uskayaw.
             Slain by a troll zombie (9 damage)
             ... on level 9 of the Dungeon.
             The game lasted 00:11:37 (9334 turns).

jasper the Covert (Kobold Enchanter)                Turns: 9334, Time: 00:11:37

Health: -5/50      AC:  8    Str:  8    XL:     10   Next: 29%
Magic:  10/13      EV: 15    Int: 17    God:    Uskayaw [****..]
Gold:   505        SH:  0    Dex: 22    Spells: 7/13 levels left

rFire    . . .     SeeInvis +   s - +1 dagger (drain)
rCold    . . .     Faith    .   (shield restricted)
rNeg     . . .     Spirit   .   x - +0 leather armour
rPois    .         Reflect  .   (no helmet)
rElec    .         Harm     .   v - +2 cloak
rCorr    .         Rampage  .   A - +0 pair of gloves
MR       .....                  M - +0 pair of boots
Stlth    ++++++....             S - amulet of the acrobat
HPRegen  0.16/turn              o - +6 ring of dexterity
MPRegen  0.13/turn              R - ring of see invisible

@: very slightly contaminated
A: small, nightstalker 3
a: Stomp, Line Pass, Renounce Religion


You were on level 9 of the Dungeon.
You worshipped Uskayaw.
Uskayaw was noncommittal.
You visited 2 branches of the dungeon, and saw 10 of its levels.

You collected 505 gold pieces.

Inventory:

Hand Weapons
 a - a +1 dagger
 s - a +1 dagger of draining (weapon)
 t - a +1 dagger of speed
 z - a +1 short sword of venom
 C - a +0 rapier
Missiles
 e - 55 bolts
 j - 197 stones (quivered)
 l - 19 boomerangs
 y - 17 poisoned darts
 O - 4 throwing nets
Armour
 b - a +0 robe
 q - a +0 cloak
 u - the cursed -3 helmet "Ceiclile" {rC+ rCorr SInv}
   (You took it off Robin on level 2 of the Dungeon)

   It protects you from cold.
   It lets you see invisible.
   It provides partial protection from all sources of acid and corrosion.
   It has a curse placed upon it.
 v - a +2 cloak (worn)
 x - a +0 leather armour (worn)
 A - a +0 pair of gloves (worn)
 J - a +0 buckler
 M - a +0 pair of boots (worn)
Jewellery
 o - a +6 ring of dexterity (left hand)
 I - an uncursed ring of protection from cold
 K - an uncursed ring of protection from cold
 R - a ring of see invisible (right hand)
 S - an amulet of the acrobat (around neck)
Wands
 G - a wand of paralysis (6)
 H - a wand of acid (7)
 L - a wand of flame (11)
Scrolls
 c - 5 scrolls of enchant weapon
 h - a scroll of fog
 i - 3 scrolls of amnesia
 p - 2 scrolls of fear
 r - 3 scrolls of teleportation
 E - 2 scrolls of remove curse
 N - a scroll of magic mapping {unknown}
 P - a scroll of immolation {unknown}
 Q - a scroll of vulnerability {unknown}
Potions
 d - 3 potions of ambrosia
 f - 5 potions of curing
 k - a potion of brilliance
 m - a potion of magic
 n - 5 potions of heal wounds
 w - a potion of cancellation
 B - a potion of lignification
 D - 2 potions of degeneration
 F - 2 potions of flight {unknown}


   Skills:
 - Level 10.0 Short Blades
 - Level 3.0 Armour
 - Level 2.4 Dodging
 + Level 11.7 Stealth
 * Level 4.8 Shields
 - Level 2.1 Spellcasting
 - Level 5.0 Hexes
 - Level 3.0 Ice Magic


You had 7 spell levels left.
You knew the following spells:

 Your Spells              Type           Power        Failure   Level
a - Corona                Hex            ###....      3%          1
b - Ensorcelled Hibernat  Hex/Ice        ###...       8%          2
c - Confusing Touch       Hex            ###.....     11%         3

Your spell library contained the following spells:

 Spells                   Type           Power        Failure   Level
 Tukima's Dance           Hex            ###.....     11%         3
 Foxfire                  Conj/Fire      #...         26%         1
 Summon Small Mammal      Summ           #...         26%         1
 Dazzling Flash           Conj/Hex       ##....       28%         3
 Inner Flame              Hex/Fire       ##......     28%         3
 Summon Guardian Golem    Hex/Summ       ##......     28%         3
 Call Imp                 Summ           #.......     38%         2
 Call Canine Familiar     Summ           #.......     63%         3
 Conjure Flame            Conj/Fire      #.......     63%         3
 Summon Ice Beast         Ice/Summ       #.......     82%         4
 Sticky Flame             Conj/Fire      #.......     95%         4
 Summon Lightning Spire   Summ/Air       #.......     95%         4
 Fireball                 Conj/Fire      #.........   100%        5


Dungeon Overview and Level Annotations

Branches:
Dungeon (9/15)             Temple (1/1) D:6            Lair (0/6) D:8
    Orc: D:9-12

Altars:
Ashenzari
Cheibriados
Dithmenos
Elyvilon
Fedhas
Gozag
Hepliaklqana
Kikubaaqudgha
Makhleb
Okawaru
Qazlal
Ru
Sif Muna
Uskayaw
Vehumet
Wu Jian
Xom
Yredelemnul
Zin
The Shining One

Shops:
D:5 =


Innate Abilities, Weirdness & Mutations

You are small and have problems with some larger weapons.
You are completely attuned to the shadows.


Message History

You hit the ogre zombie.
The ogre zombie is severely damaged.
Unknown command.
Casting: Ensorcelled Hibernation (safe; 8% risk of failure)
Confirm with . or Enter, or press ? or * to list all spells.
You miscast Confusing Touch.
You are very lightly contaminated with residual magic.
Nothing appears to happen.
The ogre zombie hits you. The troll zombie barely misses you.
The troll zombie claws you. The troll zombie claws you!
* * * LOW HITPOINT WARNING * * *
You take 19 damage, and have 15/50 hp.
MASSIVE DAMAGE!!
You now have 10/13 mp.
You hit the ogre zombie.
The ogre zombie is severely damaged.
You hit the ogre zombie.
The ogre zombie is severely damaged.
The ogre zombie hits you!
* * * LOW HITPOINT WARNING * * *
The troll zombie bites you!
You die...

.8..
######...#
.....Z...
##..#ZZ####
##.<(.@.)...
#...((...##
!....##...#
...####.....
### ...###.
#..##


You could see a hobgoblin zombie, an ogre zombie and a troll zombie.

Vanquished Creatures
  Harold (D:7)
  Pikel (D:8)
  A shadow (D:9)
  A hornet zombie (D:5)
  2 ice beasts
  3 sky beasts
  An orc warrior (D:7)
  An ogre (D:8)
  A centaur (D:9)
  2 lemures (D:8)
  A big kobold (D:6)
  3 bullfrogs (D:6)
  6 scorpions
  3 howler monkeys (D:8)
  5 hounds
  3 orc priests
  2 orc wizards
  2 iguanas
  An iron imp (D:7)
  Terence (D:2)
  A worker ant (D:4)
  A killer bee zombie (D:7)
  A hound skeleton (D:4)
  Robin (D:2)
  2 worker ant zombies
  8 gnolls
  9 adders
  A white imp (D:4)
  3 oozes
  An adder zombie (D:5)
  A worm (D:3)
  A dart slug (D:3)
  A leopard gecko (D:8)
  12 orcs
  A ball python (D:7)
  7 giant cockroaches
  14 goblins
  3 hobgoblins (D:2)
  6 jackals
  2 quokkas (D:3)
  4 bats
  2 frilled lizards
  A goblin skeleton (D:9)
  A goblin zombie (D:9)
  A hobgoblin zombie (D:9)
  26 kobolds
  A leopard gecko skeleton (D:6)
  2 orc zombies (D:9)
  A quokka skeleton (D:5)
  6 rats
162 creatures vanquished.

Vanquished Creatures (others)
  28 plants (D:6)
28 creatures vanquished.

Grand Total: 190 creatures vanquished

Notes
Turn   | Place    | Note
-------+----------+-------------------------------------------
     0 | D:1      | jasper the Kobold Enchanter began the quest for the Orb.
     0 | D:1      | Reached XP level 1. HP: 10/10 MP: 3/3
   726 | D:1      | Reached XP level 2. HP: 13/15 MP: 5/5
   794 | D:1      | Learned a level 2 spell: Ensorcelled Hibernation
  1070 | D:2      | Noticed Terence
  1072 | D:2      | Killed Terence
  1072 | D:2      | Reached skill level 5 in Stealth
  1072 | D:2      | Reached XP level 3. HP: 19/19 MP: 6/6
  1156 | D:2      | Found an opulent altar of Gozag.
  1189 | D:2      | Identified the cursed -3 helmet "Ceiclile" {rC+ rCorr SInv}
  1189 | D:2      | Noticed Robin
  1208 | D:2      | Reached XP level 4. HP: 24/24 MP: 7/7
  1529 | D:2      | Killed Robin
  1682 | D:2      | Found a blossoming altar of Fedhas.
  2364 | D:3      | Reached skill level 5 in Short Blades
  2367 | D:3      | Reached XP level 5. HP: 28/28 MP: 8/8
  2927 | D:3      | Found a shimmering blue altar of Sif Muna.
  3041 | D:3      | Reached XP level 6. HP: 32/32 MP: 9/9
  3419 | D:3      | Found a faded altar of an unknown god.
  4313 | D:4      | Found a white marble altar of Elyvilon.
  4433 | D:4      | Found a broken altar of Ashenzari.
  4454 | D:4      | Reached XP level 7. HP: 36/36 MP: 10/10
  4817 | D:5      | Entered Level 5 of the Dungeon
  4928 | D:5      | Found Enoes's Jewellery Shop.
  5016 | D:5      | Reached skill level 10 in Short Blades
  5297 | D:5      | Found an ornate altar of the Wu Jian Council.
  5547 | D:5      | Reached XP level 8. HP: 41/41 MP: 11/11
  5595 | D:5      | Found a glowing silver altar of Zin.
  5595 | D:5      | Found a stormy altar of Qazlal.
  5849 | D:6      | Reached skill level 1 in Ice Magic
  5889 | D:6      | Found a hazy altar of Hepliaklqana.
  6045 | D:6      | Learned a level 3 spell: Confusing Touch
  6051 | D:6      | Reached skill level 1 in Armour
  6541 | D:6      | Reached skill level 6 in Stealth
  6654 | D:6      | Found a staircase to the Ecumenical Temple.
  6660 | Temple   | Entered the Ecumenical Temple
  6739 | Temple   | Became a worshipper of Uskayaw the Reveler
  6813 | D:6      | Reached * piety under Uskayaw
  6816 | D:6      | Reached ** piety under Uskayaw
  7407 | D:7      | Reached skill level 7 in Stealth
  7442 | D:7      | Reached XP level 9. HP: 45/45 MP: 12/12
  7505 | D:7      | Reached *** piety under Uskayaw
  7783 | D:7      | Noticed Harold
  7793 | D:7      | Killed Harold
  7793 | D:7      | Reached skill level 10 in Stealth
  7793 | D:7      | Reached skill level 5 in Hexes
  7969 | D:7      | Found a snail-covered altar of Cheibriados.
  8036 | D:7      | Reached skill level 1 in Shields
  8369 | D:8      | Found a staircase to the Lair.
  8378 | D:8      | Noticed Pikel
  8438 | D:8      | Killed Pikel
  8438 | D:8      | Reached skill level 11 in Stealth
  8438 | D:8      | Reached XP level 10. HP: 17/50 MP: 1/13
  8870 | D:8      | Found an ancient bone altar of Kikubaaqudgha.
  9319 | D:9      | Reached **** piety under Uskayaw
  9334 | D:9      | Slain by a troll zombie

Illustrated notes

Levels and vault maps discovered:
D:1:      scummos_arrival_hexagon, layout_loops_ring, roderic_serpentine_path
D:2:      layout_basic, nicolae_gozag_seed_capital, fedhas_altar_2,
          kennysheep_path_1, minmay_heptomino_l4, uniq_robin, uniq_terence
D:3:      layout_loops_ring, lemuel_doored_altar,
          chequers_ecumenical_altar_island
D:4:      layout_gridville, cheibrodos_ashenzari_chains, kennysheep_mini
D:5:      layout_basic, kennysheep_mini_moat, gammafunk_temple_overflow_pools,
          serial_shops, shop, minmay_fountain_box, hex_large
D:6:      kennysheep_kobold_camp, layout_basic, lemuel_coloured_pillars_altar,
          minmay_temple_entry_overgrown
D:7:      layout_loops_ring, chei_slow_surprise, uniq_harold
D:8:      layout_cave_pools, kiku_gazebo_pond_becter, lair_entry_dummy,
          hangedman_decor_clover_reticule, kennysheep_small_square, uniq_pikel
D:9:      layout_rooms, minitemple, zombieorc2_lemuel, amethyst_killhole,
          uniq_erica
Temple:   cyrus_temple_forest

Skill      XL: |  1  2  3  4  5  6  7  8  9 10 |
---------------+-------------------------------+-----
Short Blades   | 2 3 5 6 8 10 | 10.0
Stealth        | 5 7 11 | 11.7
Ice Magic      | 3 |  3.0
Armour         | 2 3 |  3.0
Hexes          | 4 5 |  5.0
Shields        | 3 4 |  4.8
Dodging        | |  2.4
Spellcasting   | |  2.1

Action                   |  1- 3 |  4- 6 |  7- 9 | 10-12 || total
-------------------------+-------+-------+-------+-------++-------
Melee: Dagger            |    25 |   164 |   210 |    44 ||   443
Throw: Stone             |       |     9 |     2 |       ||    11
 Cast: Corona            |     2 |     2 |     3 |       ||     7
       Ensorcelled Hiber |       |    13 |    24 |     1 ||    38
       Confusing Touch   |       |       |     5 |       ||     5
  Use: Potion            |       |     2 |       |       ||     2
       Scroll            |       |       |       |    12 ||    12
 Stab: Sleeping          |     7 |    27 |    39 |    11 ||    84
       Distracted        |       |       |     1 |       ||     1
       Confused          |       |       |     4 |       ||     4
       Paralysed         |       |       |     1 |     3 ||     4
Armor: Robe              |       |    17 |       |       ||    17
       Leather armour    |       |    10 |    36 |    10 ||    56
Dodge: Dodged            |    11 |    84 |    77 |    28 ||   200

Table legend: (Time is in decaauts)
 A = Elapsed time spent in this place.
 B = Non-inter-level travel time spent in this place.
 C = Inter-level travel time spent in this place.
 D = Time resting spent in this place.
 E = Time spent auto-exploring this place.
 F = Levels seen in this place.
 G = Mean time per level.
                   A        B        C        D        E       F      G
               +--------+--------+--------+--------+--------+-----+--------+
         Total |   9168 |   8861 |    307 |    605 |   7189 |  10 |  916.8 |
       Dungeon |   9047 |   8780 |    267 |    605 |   7117 |   9 | 1005.2 |
        Temple |    120 |     80 |     40 |      0 |     72 |   1 |  120.0 |
               +--------+--------+--------+--------+--------+-----+--------+

Top non-repeatable levels by time:
     D:6: 1447 daAuts
     D:4: 1342 daAuts
     D:1: 1325 daAuts
     D:2: 1107 daAuts
     D:3: 996 daAuts
     D:7: 936 daAuts
     D:5: 936 daAuts
     D:8: 931 daAuts
  Temple: 120 daAuts
     D:9: 23 daAuts
